 Dungeon Crawl Stone Soup version 0.25-a0-413-g3b4b6a4ccc (webtiles) character file.

Game seed: 15534863339448831947, levelgen mode: deterministic

14 Borgoz the Cudgeler (level 2, -1/18 HPs)
             Began as a Gargoyle Gladiator on Jan 15, 2020.
             Slain by a worm (8 damage)
             ... on level 2 of the Dungeon.
             The game lasted 00:00:40 (405 turns).

Borgoz the Cudgeler (Gargoyle Gladiator)             Turns: 405, Time: 00:00:40

Health: -1/18      AC:  6    Str: 17    XL:     2   Next: 45%
Magic:  2/2        EV: 12    Int:  8    God:
Gold:   39         SH:  0    Dex: 11    Spells: 1/1 levels left

rFire    . . .     SeeInvis .   a - +0 flail
rCold    . . .     Gourm    .   (no shield)
rNeg     + . .     Faith    .   b - +0 leather armour
rPois    ∞         Spirit   .   c - +0 helmet
rElec    +         Reflect  .   (no cloak)
rCorr    .         Harm     .   (no gloves)
MR       .....                  (no boots)
Stlth    +.........             (no amulet)
HPRegen  0.06/turn              (no ring)
MPRegen  0.08/turn              (no ring)

@: no status effects
A: negative energy resistance 1, electricity resistance, unbreathing,
petrification resistance, rot immunity, AC +2
a: no special abilities


You were on level 2 of the Dungeon.
You were not hungry.

You visited 1 branch of the dungeon, and saw 2 of its levels.

You collected 39 gold pieces.

Inventory:

Hand Weapons
 a - a +0 flail (weapon)
Missiles
 d - 3 throwing nets (quivered)
Armour
 b - a +0 leather armour (worn)
 c - a +0 helmet (worn)
Wands
 h - a wand of polymorph (7)
Scrolls
 e - 2 scrolls of teleportation {unknown}
Comestibles
 f - 3 rations
 g - 5 chunks of flesh


   Skills:
 + Level 2.4 Fighting
 + Level 3.2 Maces & Flails
 - Level 1.7 Throwing
 + Level 1.0 Armour
 + Level 2.6 Dodging


You had one spell level left.
You didn't know any spells.
Your spell library was empty.

Dungeon Overview and Level Annotations

Branches:
Dungeon (1/15)

Altars:
Nemelex Xobeh


Innate Abilities, Weirdness & Mutations

You are resistant to torment.
Your stone body is resilient. (AC +2)
You are immune to poison.
You resist negative energy. (rN+)
You are resistant to electric shocks. (rElec)
You can survive without breathing.
You are immune to petrification.
You are immune to rotting.


Message History

You hit the giant cockroach.
The giant cockroach is moderately wounded.
The giant cockroach bites you but does no damage.
The worm bites you!
You hit the giant cockroach.
You kill the giant cockroach!
Your Armour skill increases to level 1!
The worm barely misses you.
You hit the worm.
The worm is lightly wounded.
You sock the worm!
The worm is severely wounded.
The worm bites you.
You are too injured to fight recklessly!
You are too injured to fight recklessly!
You are too injured to fight recklessly!
You are too injured to fight recklessly!
You are too injured to fight recklessly!
The worm bites you!
You die...

#.......## .# .#####
#........# #..!...
...#####.#######.....
...# #.....#......
...# #.###.#.#..#
...# ##...#.#.#..#
...####....#.#....#
##......_†........#
###.#...†#####.@.#
#.#...## #.w.#
#.###.# #...... #..
..# #.>.#.#.# #####.#
##.##.# #.# #.. # #..
... ..[#


You could see a worm.

Vanquished Creatures
  A dart slug (D:2)
  3 bats
  A giant cockroach (D:2)
  2 jackals (D:2)
  2 kobolds
  3 rats (D:2)
12 creatures vanquished.

Notes
Turn   | Place    | Note
-------+----------+-------------------------------------------
     0 | D:1      | Borgoz the Gargoyle Gladiator began the quest for the Orb.
     0 | D:1      | Reached XP level 1. HP: 12/12 MP: 1/1
    51 | D:1      | You fall into a shaft and drop 1 floor!
   155 | D:2      | Reached XP level 2. HP: 18/18 MP: 2/2
   366 | D:2      | Found a sparkling altar of Nemelex Xobeh.
   402 | D:2      | Reached skill level 1 in Armour
   405 | D:2      | Slain by a worm

Levels and vault maps discovered:
D:1:      ncdulo_lavacross, layout_basic, st_stairs_6,
          corexii_item_surrounded_by_moat
D:2:      layout_basic, nicolae_overflow_crystal_walls,
          nicolae_ru_sacrificial_ziggurat, overflow_temple_1_default,
          uniq_crazy_yiuf_cottage, uniq_sigmund

Skill      XL: |  1  2 |
---------------+-------+-----
Armour         | 1 |  1.0
Fighting       | |  2.4
Maces & Flails | |  3.2
Throwing       | |  1.7
Dodging        | |  2.6

Action                   || total
-------------------------++-------
Melee: Flail             ||    47
Armor: Leather armour    ||    29
Dodge: Dodged            ||    46

Table legend:
 A = Non-vault XP
 B = Vault XP
 C = Vault XP percentage of total XP
 D = Non-vault monster count
 E = Vault monster count
 F = Vault count percentage of total count
                 A         B        C        D         E       F
            +---------+---------+-------+---------+---------+-------
      Total |      21 |       0 |   0.0 |      12 |       0 |   0.0
            +---------+---------+-------+---------+---------+-------
        D:1 |       3 |       0 |   0.0 |       2 |       0 |   0.0
        D:2 |      18 |       0 |   0.0 |      10 |       0 |   0.0
            +---------+---------+-------+---------+---------+-------
